 Dungeon Crawl Stone Soup version 0.30-a0-930-gb9d0489357 (webtiles) character file.

Game seed: 7283316018843276326

407 Twinkles the Chopper (level 6, -2/53 HPs)
             Began as a Hill Orc Reaver on Mar 23, 2023.
             Was a Follower of the Shining One.
             Slain by an iguana (7 damage)
             ... on level 4 of the Dungeon.
             The game lasted 00:08:02 (3796 turns).

Twinkles the Chopper (Hill Orc Reaver)              Turns: 3796, Time: 00:08:02

Health: -2/53      AC:  9    Str: 17    XL:     6   Next: 88%
Magic:  8/8        EV:  9    Int: 13    God:    the Shining One [*.....]
Gold:   272        SH:  0    Dex:  9    Spells: 7/8 levels left

rFire   . . .      SeeInvis .    a - +0 hand axe
rCold   + . .      Faith    .    (no shield)
rNeg    . . .      Spirit   .    g - +0 scale mail
rPois   .          Reflect  .    (no helmet)
rElec   .          Rampage  .    (no cloak)
rCorr   .                        v - +0 pair of gloves
Will    +....                    e - +0 pair of boots
Stlth   x                          - amulet of the acrobat
HPRegen 0.28/turn                t - ring of protection from cold
MPRegen 0.11/turn                m - ring of willpower

@: glowing
A: no striking features
a: Renounce Religion, Divine Shield


You were on level 4 of the Dungeon.
You worshipped the Shining One.
The Shining One was aware of your devotion.
You visited 1 branch of the dungeon, and saw 4 of its levels.

You collected 272 gold pieces.

Inventory:

Hand Weapons
 a - a +0 hand axe (weapon)
 w - a +0 sling
Missiles
 j - 7 boomerangs
Armour
 b - a +0 leather armour
 e - a +0 pair of boots (worn)
 f - a +0 ring mail
 g - a +0 scale mail (worn)
 v - a +0 pair of gloves (worn)
Jewellery
 m - a ring of willpower (right hand)
 s - a ring of flight
 t - a ring of protection from cold (left hand)
 x - an amulet of the acrobat (around neck)
Wands
 q - a wand of flame (19)
Scrolls
 i - 2 scrolls of fear {unknown}
 o - 3 scrolls of identify {unknown}
 p - a scroll of enchant armour {unknown}
 r - a scroll of torment {unknown}
 u - a scroll of teleportation {unknown}
Potions
 c - a potion of flight {unknown}
 d - 2 potions of lignification {unknown}
 h - a potion of berserk rage {unknown}
 k - 2 potions of attraction {unknown}
 l - 3 potions of curing {unknown}
 n - 2 potions of heal wounds {unknown}
 z - a potion of brilliance {unknown}


   Skills:
 + Level 4.7 Fighting
 * Level 7.5 Axes
 + Level 3.4 Armour
 - Level 1.5 Dodging
 - Level 1.5 Spellcasting
 - Level 3.0 Conjurations


You had 7 spell levels left.
You knew the following spells:

 Your Spells              Type           Power      Damage    Failure   Level
a - Kiss of Death         Conj/Necr      16%        2d6       43%         1

Your spell library contained the following spells:

 Spells                   Type           Power      Damage    Failure   Level
 Momentum Strike          Conj/Tloc      8%         3d8       56%         2
 Ensorcelled Hibernation  Hex/Ice        2%         N/A       78%         2
 Passwall                 Tmut/Erth      0%         N/A       78%         2
 Hailstorm                Conj/Ice       4%         3d4       80%         3
 Swiftness                Air            1%         N/A       95%         3


Dungeon Overview and Level Annotations

Branches:
Dungeon (4/15) Zot: 20194
 Temple: D:4-7

Altars:
Gozag
Okawaru
The Shining One

Shops:
D:2 *


Message History

The iguana hisses angrily.
There is an open door here.
You barely miss the iguana. The iguana bites you.
You barely miss the iguana.
The iguana bites you but does no damage.
You hit the iguana but do no damage. The iguana bites you!
You completely miss the iguana.
The iguana bites you but does no damage.
You hit the iguana.
The iguana is moderately wounded.
You hit the iguana but do no damage.
The iguana is moderately wounded.
The iguana bites you!
You hit the iguana.
The iguana is heavily wounded.
The iguana barely misses you.
You hit the iguana but do no damage.
The iguana is heavily wounded.
The iguana bites you!
You completely miss the iguana.
The iguana is heavily wounded.
The iguana bites you.
You hit the iguana but do no damage.
The iguana is moderately wounded.
The iguana bites you.
You hit the iguana but do no damage.
The iguana is moderately wounded.
The iguana bites you.
* * * LOW HITPOINT WARNING * * *
You hit the iguana but do no damage.
The iguana is moderately wounded.
The iguana bites you!
* * * LOW HITPOINT WARNING * * *
You hit the iguana but do no damage.
The iguana is moderately wounded.
The iguana misses you.
You hit the iguana but do no damage.
The iguana is moderately wounded.
The iguana bites you!
You die...

#.............
#.............
#.............
#.............
#...........#.
#########'###..###.._
..##....#......#..###.#.
........#......#........
......l@'......#........
........#......#........
........#......#.>......
####..###......##...##.#
#+# #####+########.#
#......# #......#
#.....)# ##########...#


You could see an iguana.

Vanquished Creatures
  A phantom (D:4)
  A scorpion (D:4)
  A hound (D:4)
  A sleepcap (D:4)
  An iguana (D:4)
  2 orc wizards
  3 gnolls (D:2)
  5 adders
  A worm (D:2)
  2 dart slugs
  6 orcs
  3 ball pythons
  5 endoplasms
  3 giant cockroaches
  3 goblins
  5 hobgoblins
  4 jackals (D:2)
  7 kobolds
  2 quokkas
  6 bats
  2 frilled lizards (D:2)
  3 rats
67 creatures vanquished.

Vanquished Creatures (others)
  3 plants (D:1)
3 creatures vanquished.

Grand Total: 70 creatures vanquished

Notes
Turn   | Place    | Note
-------+----------+-------------------------------------------
     0 | D:1      | Twinkles the Hill Orc Reaver began the quest for the Orb.
     0 | D:1      | Reached XP level 1. HP: 18/18 MP: 3/3
   125 | D:1      | Reached XP level 2. HP: 25/25 MP: 4/4
   313 | D:1      | Reached skill level 1 in Armour
   540 | D:1      | Reached XP level 3. HP: 30/30 MP: 5/5
   894 | D:2      | Reached skill level 5 in Axes
   903 | D:2      | Found Ybas's General Store.
   941 | D:2      | HP: 5/31 [worm (7)]
  1386 | D:2      | Reached XP level 4. HP: 26/38 MP: 6/6
  2089 | D:3      | Reached skill level 6 in Axes
  2089 | D:3      | Reached XP level 5. HP: 30/46 MP: 7/7
  2534 | D:3      | Found a faded altar of an unknown god.
  2562 | D:3      | Identified the staff of conjuration "Jyithak" {*Corrode rC+
                  | Dex+3}
  3045 | D:3      | Prayed at the altar of an unknown god.
  3045 | D:3      | Became a worshipper of the Shining One
  3045 | D:3      | Reached * piety under the Shining One
  3117 | D:4      | Found an iron altar of Okawaru.
  3371 | D:4      | Reached XP level 6. HP: 49/52 MP: 8/8
  3411 | D:4      | Found an opulent altar of Gozag.
  3504 | D:4      | Reached skill level 7 in Axes
  3793 | D:4      | HP: 13/53 [iguana (6)]
  3794 | D:4      | HP: 5/53 [iguana (8)]
  3796 | D:4      | Slain by an iguana

Illustrated notes

Levels and vault maps discovered:
D:1:      eino_arrival_cavern_a, layout_loops_cross, minmay_misc_feat_iff,
          nrook_loot_triangle, serial_bayou_pond_c, minmay_tromino_v4_b
D:2:      layout_loops_cross, serial_shops, shop
D:3:      layout_basic, chequers_ecumenical_altar_simple
D:4:      layout_gridville, grunt_gozag_breadcrumbs, okawaru_metal_pillars_1_2,
          minmay_temple_entry_enclosed_plants

Skill      XL: |  1  2  3  4  5  6 |
---------------+-------------------+-----
Armour         | 1 2 3 |  3.4
Fighting       | 3 4 |  4.7
Axes           | 5 6 7 |  7.5
Dodging        | |  1.5
Spellcasting   | |  1.5
Conjurations   | |  3.0

Action                     |  1- 3 |  4- 6 || total
---------------------------+-------+-------++-------
  Melee: Hand axe          |   144 |   216 ||   360
         Punch             |     1 |     2 ||     3
 Armour: Leather armour    |     9 |       ||     9
         Scale mail        |    41 |    98 ||   139
         Ring mail         |     5 |       ||     5
  Dodge: Dodged            |    79 |    78 ||   157

Table legend: (Time is in decaauts)
 A = Elapsed time spent in this place.
 B = Non-inter-level travel time spent in this place.
 C = Inter-level travel time spent in this place.
 D = Time resting spent in this place.
 E = Time spent auto-exploring this place.
 F = Levels seen in this place.
 G = Mean time per level.
                   A        B        C        D        E       F      G
               +--------+--------+--------+--------+--------+-----+--------+
         Total |   3804 |   3634 |    170 |    160 |   2728 |   4 |  951.0 |
       Dungeon |   3804 |   3634 |    170 |    160 |   2728 |   4 |  951.0 |
               +--------+--------+--------+--------+--------+-----+--------+

Top non-repeatable levels by time:
     D:2: 1242 daAuts
     D:1: 949 daAuts
     D:3: 883 daAuts
     D:4: 728 daAuts
